 Dungeon Crawl Stone Soup version 0.21.1-1-g345015fe64 (webtiles) character file.

13226 Oravi the Slinger (level 12, 0/90 HPs)
             Began as a Halfling Hunter on Apr 24, 2018.
             Was a High Priest of Okawaru.
             Slain by a vampire (9 damage)
             ... on level 10 of the Dungeon.
             The game lasted 00:48:03 (13270 turns).

Oravi the Slinger (Halfling Hunter)                Turns: 13270, Time: 00:48:03

Health: 0/90       AC:  8    Str: 17    XL:     12   Next: 30%
Magic:  20/22      EV: 24    Int:  9    God:    Okawaru [*****.]
Gold:   688        SH:  0    Dex: 16    Spells: 11/11 levels left

rFire    . . .     SeeInvis .   b - +1 dagger (venom)
rCold    . . .     Gourm    .   (shield restricted)
rNeg     . . .     Faith    .   c - +0 leather armour
rPois    .         Spirit   .   r - +1 helmet
rElec    .         Reflect  .   (no cloak)
rCorr    +         Harm     .   (no gloves)
MR       .....                  o - +0 pair of boots
Stlth    +++.......             (no amulet)
HPRegen  0.25/turn              v - ring of resist corrosion
MPRegen  0.18/turn              A - ring of magical power

@: about to teleport, heroism, studying Bows
A: small, mutation resistance 1
a: Heroism, Finesse, Renounce Religion


You were on level 10 of the Dungeon.
You worshipped Okawaru.
Okawaru was extremely pleased with you.
You were hungry.

You visited 2 branches of the dungeon, and saw 12 of its levels.
You also visited: Sewer.

You collected 688 gold pieces.

Inventory:

Hand Weapons
 a - a +2 hunting sling of velocity
 b - a +1 dagger of venom (weapon)
 F - a +0 short sword
 M - the +1 hunting sling of Painful Death {venom, MR++}
   (Okawaru gifted it to you on level 10 of the Dungeon)

   It poisons the ammo it fires.
   It affects your resistance to hostile enchantments.
Missiles
 d - 113 sling bullets
 e - 106 stones (quivered)
Armour
 c - a +0 leather armour (worn)
 o - a +0 pair of boots (worn)
 r - a +1 helmet (worn)
 E - a +0 shield
Jewellery
 l - a +2 ring of intelligence
 m - an uncursed ring of flight
 v - a ring of resist corrosion (left hand)
 A - a ring of magical power (right hand)
 N - a cursed ring of teleportation {unknown}
Wands
 k - a wand of digging (13)
 t - a wand of iceblast (5)
 y - a wand of random effects (31)
Scrolls
 i - 4 scrolls of teleportation
 n - 5 scrolls of fear
 p - 3 scrolls of enchant armour
 B - a scroll of amnesia
 C - a scroll of remove curse
 H - a scroll of fog
 J - a scroll of brand weapon
 K - 2 scrolls of blinking
 L - a scroll of identify
Potions
 g - a potion of agility
 h - 2 potions of cancellation
 j - 3 potions of curing
 q - 2 potions of berserk rage
 s - a potion of resistance
 u - 3 potions of flight
 w - 2 potions of haste {unknown}
 x - 3 potions of might {unknown}
 D - a potion of mutation {unknown}
 G - 3 potions of heal wounds
Books
 I - a manual of Bows
Comestibles
 f - 22 rations


   Skills:
 + Level 11.4(16.4) Fighting
 * Level 10.1(15.1) Short Blades
 - Level 12.2(17.2) Slings
 + Level 5.6(10.6) Armour
 * Level 7.7(12.7) Dodging
 - Level 1.1(6.1) Stealth
 + Level 1.7 Invocations


You had 11 spell levels left.
You didn't know any spells.

Dungeon Overview and Level Annotations

Branches:
Dungeon (11/15)            Temple (1/1) D:5             Orc (0/2) D:10
   Lair: D:8-11

Altars:
Ashenzari
Cheibriados
Dithmenos
Elyvilon
Fedhas
Gozag
Hepliaklqana
Kikubaaqudgha
Makhleb
Nemelex Xobeh
Okawaru
Qazlal
Ru
Sif Muna
Trog
Uskayaw
Vehumet
Wu Jian
Xom
Yredelemnul
Zin
The Shining One

Shops:
D:8 :

Annotations:
D:7 1 runed door
D:8 1 exclusion, Oravi's ghost, novice HaHu


Innate Abilities, Weirdness & Mutations

You are small and have problems with some larger weapons.
You are somewhat resistant to further mutation.


Message History

You closely miss something.
You feel like a meek peon again. Something barely misses you.
Something bites you.
Something draws strength from your injuries!
You closely miss something. You hit something but do no damage.
You hear a zap.
Something tries to affect you, but you resist.
You hit something but do no damage.
You gain the combat prowess of a mighty hero.
You hear a zap.
You are blasted!
* * * LOW HITPOINT WARNING * * *
Okay, then.
You feel better. Something hits you!
* * * LOW HITPOINT WARNING * * *
Something bites you but does no damage.
As you read the scroll of teleportation, it crumbles to dust.
You feel strangely unstable. Something hits you!
You die...

#..##.......# #..
#...........# #..
#.###.......# #.#
#.# #.......# #.#
#.# #.......# #.#
#.# #.......# #.#
#.# #.......# #)#
#.###)......# #.#
#@..........####.#
#{.............<..
##################


There were no monsters in sight!

Vanquished Creatures
  A two-headed ogre (D:10)
  A tengu warrior (D:10)
  Pikel (D:6)
  2 manticores
  Maurice (D:10)
  2 gargoyles
  Psyche (D:9)
  2 hornets
  3 trolls
  The ghost of Goboxel the Slasher, an amateur DsGl (D:3)
  Prince Ribbit (D:7)
  A hippogriff (D:7)
  A vampire (D:10)
  4 wyverns
  3 hogs (D:7)
  A human (D:7)
  6 yaks
  Eustachio (D:5)
  3 hungry ghosts
  Duvessa (D:6)
  3 orc warriors
  A black bear (D:10)
  3 necrophages (D:9)
  7 sky beasts
  4 ogres
  2 phantoms
  5 centaurs
  Blork the orc (D:5)
  4 bullfrogs
  Dowan (D:6)
  A water moccasin skeleton (D:9)
  5 scorpions
  A killer bee (D:9)
  7 crimson imps
  3 centaur zombies
  3 quasits (D:6)
  A bullfrog zombie (D:9)
  2 jellies
  3 hounds
  3 bullfrog skeletons
  3 orc priests
  A gnoll shaman (D:6)
  4 orc wizards
  2 centaur skeletons
  An iguana (D:7)
  8 worker ants
  4 hound zombies
  2 hound skeletons
  10 adders
  5 gnolls (D:6)
  5 river rats (Sewer)
  A shadow imp (D:10)
  An ooze (D:1)
  An adder skeleton (D:5)
  A worm (D:3)
  A dart slug (D:1)
  9 leopard geckos
  31 orcs
  5 ball pythons
  11 giant cockroaches
  5 goblins
  8 hobgoblins
  15 jackals
  7 quokkas
  10 bats
  12 frilled lizards
  A jackal skeleton (D:5)
  6 kobolds
  17 rats
284 creatures vanquished.

Vanquished Creatures (others)
  A bush (D:9)
  36 fungi (D:11)
  17 plants
54 creatures vanquished.

Grand Total: 338 creatures vanquished

Notes
Turn   | Place    | Note
-------+----------+-------------------------------------------
     0 | D:1      | Oravi the Halfling Hunter began the quest for the Orb.
     0 | D:1      | Reached XP level 1. HP: 14/14 MP: 1/1
    46 | D:1      | Reached skill level 6 in Slings
   104 | D:1      | Reached XP level 2. HP: 12/19 MP: 2/2
   391 | D:1      | Reached XP level 3. HP: 21/24 MP: 3/3
   490 | D:1      | Reached skill level 7 in Slings
  1118 | D:2      | Reached XP level 4. HP: 23/29 MP: 4/4
  1807 | D:2      | Reached skill level 8 in Slings
  2124 | D:3      | Reached XP level 5. HP: 34/34 MP: 5/5
  2270 | D:3      | Noticed Goboxel's ghost (amateur DsGl)
  3282 | D:4      | Reached skill level 9 in Slings
  3282 | D:4      | Reached skill level 1 in Armour
  3496 | D:4      | Reached XP level 6. HP: 41/41 MP: 6/6
  3851 | D:4      | Noticed a phantom
  3876 | D:4      | Killed a phantom
  4008 | D:5      | Entered Level 5 of the Dungeon
  4016 | D:5      | Noticed a phantom
  4027 | D:5      | Found a staircase to the Ecumenical Temple.
  4030 | D:5      | Killed a phantom
  4030 | D:5      | Reached skill level 10 in Slings
  4030 | D:5      | Reached XP level 7. HP: 40/45 MP: 7/7
  4035 | Temple   | Entered the Ecumenical Temple
  4199 | Temple   | Became a worshipper of Warmaster Okawaru
  4242 | D:5      | Found a glowing drain.
  4269 | Sewer    | Entered a sewer
  4816 | D:5      | Noticed Eustachio
  4831 | D:5      | Killed Eustachio
  4831 | D:5      | Reached * piety under Okawaru
  4926 | D:5      | Found a bloodstained altar of Trog.
  5004 | D:5      | Reached skill level 11 in Slings
  5139 | D:5      | Noticed Blork the orc
  5147 | D:5      | Killed Blork the orc
  5147 | D:5      | Reached XP level 8. HP: 45/52 MP: 8/8
  5800 | D:3      | Killed Goboxel's ghost
  5800 | D:3      | Reached skill level 1 in Short Blades
  5800 | D:3      | Reached skill level 12 in Slings
  5962 | D:6      | Noticed Duvessa
  5965 | D:6      | Noticed Dowan
  5970 | D:6      | Killed Duvessa
  5970 | D:6      | Reached ** piety under Okawaru
  5970 | D:6      | Reached XP level 9. HP: 59/59 MP: 9/9
  5981 | D:6      | Killed Dowan
  6391 | D:6      | Reached skill level 5 in Fighting
  6436 | D:6      | Reached skill level 5 in Short Blades
  6563 | D:6      | Noticed Pikel
  6579 | D:6      | Killed Pikel
  7144 | D:7      | Found a runed door.
  7315 | D:7      | Noticed a hippogriff
  7564 | D:7      | Reached *** piety under Okawaru
  7564 | D:7      | Reached XP level 10. HP: 51/69 MP: 10/10
  8071 | D:7      | Noticed a gargoyle
  8093 | D:7      | Killed a gargoyle
  8114 | D:7      | Reached **** piety under Okawaru
  8424 | D:7      | Noticed Prince Ribbit
  8456 | D:7      | Killed Prince Ribbit
  8730 | D:8      | Received a gift from Okawaru
  8730 | D:8      | Reached skill level 5 in Dodging
  8754 | D:8      | Reached skill level 1 in Invocations
  9003 | D:8      | Noticed Oravi's ghost (novice HaHu)
  9047 | D:8      | Received a gift from Okawaru
  9080 | D:8      | Reached XP level 11. HP: 66/80 MP: 11/11
  9319 | D:8      | Found Aphon's Book Shoppe.
  9832 | D:9      | Found a shattered altar of Ashenzari.
 10098 | D:9      | Reached skill level 5 in Armour
 10421 | D:9      | Noticed Psyche
 10430 | D:9      | Killed Psyche
 10430 | D:9      | Reached ***** piety under Okawaru
 10697 | D:9      | Found a blossoming altar of Fedhas.
 11094 | D:10     | Entered Level 10 of the Dungeon
 11126 | D:10     | Noticed a two-headed ogre
 11127 | D:10     | Found a staircase to the Orcish Mines.
 11149 | D:10     | Killed a two-headed ogre
 11149 | D:10     | Reached skill level 10 in Fighting
 11405 | D:10     | Found a sacrificial altar of Ru.
 11440 | D:10     | Noticed Maurice
 11450 | D:10     | Killed Maurice
 11450 | D:10     | Received a gift from Okawaru
 12157 | D:10     | Noticed a tengu warrior
 12229 | D:10     | Killed a tengu warrior
 12229 | D:10     | Received a gift from Okawaru
 12229 | D:10     | Reached XP level 12. HP: 9/90 MP: 13/13
 12232 | D:10     | Got a dazzling hunting sling {god gift}
 12547 | D:10     | Identified the +1 hunting sling of Painful Death {venom, MR++} (Okawaru gifted it to you on level 10 of the Dungeon)
 12940 | D:10     | Reached skill level 10 in Short Blades
 13270 | D:10     | Slain by a vampire

Skill      XL: |  1  2  3  4  5  6  7  8  9 10 11 12 |
---------------+-------------------------------------+-----
Slings         | 6 7 8 9 10 11 12 | 12.2
Fighting       | 2 3 4 6 9 11 | 11.4
Armour         | 1 2 3 4 5 |  5.6
Dodging        | 3 5 7 |  7.7
Short Blades   | 3 6 8 9 10 | 10.1
Invocations    | 1 |  1.7
Stealth        | |  1.1

Action                   |  1- 3 |  4- 6 |  7- 9 | 10-12 || total
-------------------------+-------+-------+-------+-------++-------
Melee: Short sword       |       |       |    32 |       ||    32
       Punch             |       |       |     2 |     2 ||     4
       Dagger            |       |       |       |   177 ||   177
 Fire: Hunting sling     |   100 |   194 |   428 |   605 ||  1327
Invok: Heroism           |       |       |     2 |    11 ||    13
  Use: Scroll            |     4 |     7 |     7 |     8 ||    26
       Potion            |       |     2 |     4 |     5 ||    11
 Stab: Sleeping          |       |       |       |     1 ||     1
  Eat: Chunk             |       |     9 |     9 |    11 ||    29
       Ration            |       |       |     2 |     1 ||     3
Armor: Leather armour    |     2 |     7 |    25 |    60 ||    94
Dodge: Dodged            |    16 |    30 |   102 |   249 ||   397
